 Dungeon Crawl Stone Soup version 0.31-a0-259-g771a54ca4b (webtiles) character file.

Game seed: 4020653586252946751

144 qw the Shooter (level 5, -1/30 HPs)
             Began as a Gargoyle Hexslinger on July 13, 2023.
             Slain by a gnoll
             ... wielding a +0 flail
              (5 damage)
             ... on level 3 of the Dungeon.
             The game lasted 00:00:46 (1891 turns).

qw the Shooter (Gargoyle Hexslinger)                Turns: 1891, Time: 00:00:47

Health: -1/30      AC:  7    Str: 12    XL:     5   Next: 26%
Magic:  6/6        EV: 11    Int: 13    God:
Gold:   165        SH:  0    Dex: 14    Spells: 5/6 levels left

rFire   . . .        Y - +3 sling
rCold   . . .        (no shield)
rNeg    + . .        d - +0 leather armour
rPois   inf          (no helmet)
rElec   +            (no cloak)
rCorr   .            (no gloves)
SInv    .            (no boots)
Will    .....        (no amulet)
Stlth   +            (no ring)
HPRegen 0.25/turn    (no ring)
MPRegen 0.10/turn

%: no passive effects
@: no status effects
A: sickness immunity, AC +4, negative energy resistance 1, electricity
resistance, torment resistance 1, petrification resistance
a: no special abilities


You were on level 3 of the Dungeon.
You visited 1 branch of the dungeon, and saw 3 of its levels.

You collected 165 gold pieces.


Innate Abilities, Weirdness & Mutations

You are immune to sickness and miasma.
Your stone body is resilient. (AC +4)
You are immune to poison.
You resist negative energy. (rN+)
You are resistant to electric shocks. (rElec)
You are resistant to unholy torment.
You are immune to petrification.


   Skills:
 + Level 2.0 Fighting
 - Level 5.0 Ranged Weapons
 - Level 1.5 Dodging
 - Level 1.0 Spellcasting
 - Level 2.6 Hexes


You had 5 spell levels left.
You knew the following spells:

 Your Spells              Type           Power      Damage    Failure   Level
a - Slow                  Hex            28%        N/A       12%         1

Your spell library contained the following spells:

 Spells                   Type           Power      Damage    Failure   Level
 Inner Flame              Hex/Fire       4%         N/A       52%         3
 Portal Projectile        Hex/Tloc       8%         N/A       52%         3
 Cause Fear               Hex            3%         N/A       75%         4

Inventory:

Hand Weapons
 Y - a +3 sling (weapon)
Armour
 d - a +0 leather armour (worn)
 e - the +0 pair of gloves of Immorality {rF+ rCorr Slay+3}
   (You found it on level 3 of the Dungeon)

   Slay:      It affects your accuracy & damage with ranged weapons and melee
   (+3).
   rF:        It protects you from fire.
   rCorr:     It protects you from acid and corrosion.
Potions
 a - a potion of mutation {unknown}
 b - a potion of ambrosia {unknown}
 c - a potion of haste {unknown}
 f - a potion of curing {unknown}
 h - a potion of enlightenment {unknown}
 i - a potion of magic {unknown}

Dungeon Overview and Level Annotations

Branches:
Dungeon (3/15)

Altars:

Shops:
D:1 (   D:2 =

Annotations:
D:2 2 transporters, 1 runed translucent door, Crazy Yiuf
D:3 Grinder


Message History

You kill the gnoll!
You shoot a sling bullet. The sling bullet barely misses Grinder.
A rat comes into view.
You shoot a sling bullet.
The sling bullet barely misses the gnoll.
The sling bullet closely misses Grinder.
Grinder blinks!
You shoot a sling bullet.
The sling bullet closely misses the gnoll.
The sling bullet misses the frilled lizard.
You shoot a sling bullet.
The sling bullet hits the gnoll but does no damage.
You shoot a sling bullet. The sling bullet hits the gnoll.
The gnoll is moderately wounded.
The gnoll hits you but does no damage. The gnoll barely misses you.
You shoot a sling bullet.
The sling bullet barely misses the gnoll.
The gnoll hits you with a +0 flail! The gnoll hits you but does no damage.
The gnoll hits you with a +0 flail. The gnoll hits you with a +0 whip.
You shoot a sling bullet. The sling bullet hits the gnoll.
The gnoll is heavily wounded.
The gnoll hits you with a +0 flail. The gnoll closely misses you.
You shoot a sling bullet. The sling bullet hits the gnoll.
The gnoll is heavily wounded.
The gnoll hits you with a +0 flail. The gnoll hits you but does no damage.
You shoot a sling bullet. The sling bullet hits the gnoll.
The gnoll is severely wounded.
The gnoll closely misses you. The gnoll barely misses you.
You shoot a sling bullet. The sling bullet hits the gnoll!
You kill the gnoll!
The gnoll misses you.
Grinder blinks!
Your Ranged Weapons skill increases to level 5!
You shoot a sling bullet.
The sling bullet barely misses the gnoll.
The gnoll barely misses you. The rat closely misses you.
You shoot a sling bullet. The sling bullet hits the gnoll!
The gnoll is severely wounded.
Grinder blinks!
The gnoll closely misses you. The rat bites you.
The gnoll hits you with a +0 flail.
You die...

#.# #.....# #.# #.....#
..... #.# #.....# .....
#.# #.....# 5.ยค... #.#
#.....# ..)... #.#
#.....# #...... #.#
#.....#######.......
#.#####.........grl.....
#............#..@#
############....##
.......####...#.#
.......)........####
######.##..##......# ##
#.##..#.......# .#
###.....#.......# .#
#...###.#.......#
.###.#.# #.#.......#


You could see Grinder, a gnoll, a frilled lizard and a rat.

Vanquished Creatures
  An orc wizard (D:3)
  2 gnolls (D:3)
  2 adders
  A white imp (D:3)
  A worm (D:2)
  5 dart slugs
  4 orcs (D:3)
  6 ball pythons
  6 endoplasms
  3 giant cockroaches
  2 goblins (D:1)
  4 hobgoblins
  A jackal (D:1)
  3 kobolds
  A quokka (D:3)
  8 bats
  4 frilled lizards
  3 rats
57 creatures vanquished.

Notes
Turn   | Place    | Note
-------+----------+-------------------------------------------
     0 | D:1      | qw the Gargoyle Hexslinger began the quest for the Orb.
     0 | D:1      | Reached XP level 1. HP: 12/12 MP: 2/2
     0 | D:1      | 0 ||| qw: Version: 0.3-a-52-g30416fa
     0 | D:1      | 0 ||| qw: Game counter: 6902
     0 | D:1      | 0 ||| qw: Melee chars always use a shield: true
     0 | D:1      | 0 ||| qw: God list: Okawaru
     0 | D:1      | 0 ||| qw: Allow faded altars: false
     0 | D:1      | 0 ||| qw: Do Orc after clearing Dungeon:15 true
     0 | D:1      | 0 ||| qw: Do second Lair branch before Depths: true
     0 | D:1      | 0 ||| qw: Lair rune preference: random
     0 | D:1      | 0 ||| qw: Goals: Normal
     0 | D:1      | 0 ||| PLANNING D:1-11
    98 | D:1      | 98 ||| FLEEEEING.
    99 | D:1      | 99 ||| FLEEEEING.
   303 | D:1      | Reached XP level 2. HP: 16/16 MP: 3/3
   381 | D:1      | Reached skill level 3 in Ranged Weapons
   385 | D:1      | 385 ||| Stepping ~*~*~tactically~*~*~ (outnumbered).
   466 | D:1      | Found Wulysyg's Weapon Boutique.
   626 | D:1      | Found a faded altar of an unknown god.
   713 | D:1      | 713 ||| UPGRADING to +0 leather armour.
   723 | D:1      | 723 ||| DROPPING +0 robe.
   724 | D:1      | 724 ||| READING scroll labelled VUNNAV VAZIRO.
   725 | D:1      | 725 ||| READING scroll labelled PISOER LADWOHEPRI.
   726 | D:1      | 726 ||| READING scroll labelled YHA HI JI HUAQ.
   727 | D:1      | 727 ||| DROPPING scroll of poison.
   770 | D:2      | Reached XP level 3. HP: 21/21 MP: 4/4
  1051 | D:2      | Found a transporter.
  1053 | D:2      | Found Xoidiroety's Jewellery Shop.
  1335 | D:2      | Found a transporter.
  1389 | D:2      | Found a runed translucent door.
  1390 | D:2      | Noticed Crazy Yiuf
  1426 | D:3      | Reached XP level 4. HP: 26/26 MP: 5/5
  1462 | D:3      | Reached skill level 4 in Ranged Weapons
  1656 | D:3      | HP: 5/26 [white imp/puff of frost (11)]
  1658 | D:3      | Reached XP level 5. HP: 6/30 MP: 6/6
  1699 | D:3      | 1699 ||| FLEEEEING.
  1775 | D:3      | 1775 ||| READING scroll of enchant weapon.
  1775 | D:3      | 1775 ||| ENCHANTING +2 sling.
  1817 | D:3      | Identified the +0 pair of gloves of Immorality {rF+ rCorr
                  | Slay+3}
  1876 | D:3      | Noticed Grinder
  1887 | D:3      | HP: 4/30 [gnoll/+0 flail (5)]
  1890 | D:3      | Reached skill level 5 in Ranged Weapons
  1891 | D:3      | Slain by a gnoll

Levels and vault maps discovered:
D:1:      evilmike_arrival_crescent, layout_basic,
          shapermc_ecumenical_altar_mp_urbaneastern, serial_shops, shop,
          minmay_vboxes
D:2:      layout_loops_ring, serial_shops, nicolae_shop_drivethru,
          uniq_crazy_yiuf_cottage
D:3:      layout_basic, serial_bayou_pond_a, minmay_misc_feat_pillars,
          uniq_grinder, uniq_natasha, uniq_terence

Skill      XL: |  1  2  3  4  5 |
---------------+----------------+-----
Ranged Weapons | 3 4 5 |  5.0
Fighting       | 2 |  2.0
Dodging        | |  1.5
Spellcasting   | |  1.0
Hexes          | |  2.6

Action                     |  1- 3 |  4- 6 || total
---------------------------+-------+-------++-------
   Fire: Sling             |    87 |    98 ||   185
    Use: Scroll            |     3 |     1 ||     4
 Armour: Robe              |     6 |       ||     6
         Leather armour    |     9 |    24 ||    33
  Dodge: Dodged            |    24 |    25 ||    49

Table legend:
 A = Non-vault XP
 B = Vault XP
 C = Vault XP percentage of total XP
 D = Non-vault monster count
 E = Vault monster count
 F = Vault count percentage of total count
                 A         B        C        D         E       F
            +---------+---------+-------+---------+---------+-------
      Total |     189 |      17 |   8.3 |      49 |       8 |  14.0
            +---------+---------+-------+---------+---------+-------
        D:1 |      16 |      17 |  51.5 |      10 |       8 |  44.4
        D:2 |      44 |       0 |   0.0 |      15 |       0 |   0.0
        D:3 |     129 |       0 |   0.0 |      24 |       0 |   0.0
            +---------+---------+-------+---------+---------+-------
